TOP OF THE 1ST |
Austin River Sharks batting - Pitching for Springfield Stars : LHP Joaquín Gonzáles
|
Pitching: LHP Joaquín Gonzáles
|
|
Batting: RHB Tyler Wagner
|
0-0: Foul Ball, location: 2F 0-1: Foul Ball, location: 2F 0-2: Fly out, F9 (Flyball, 89M)
|
Batting: RHB Orlando Bruno
|
0-0: Fly out, F9 (Flyball, 89M)
|
Batting: RHB Kenneth Roberts
|
0-0: Ball 1-0: Ball 2-0: SINGLE (Line Drive, 6M)
|
Batting: SHB Juan Castro
|
0-0: Called Strike 0-1: SINGLE (Groundball, 4MD) Kenneth Roberts to second
|
Batting: LHB Pedro Zaragoza
|
0-0: Ball 1-0: Ground out 3-1 (Groundball, 34)
|
Top of the 1st over - 0 run(s), 2 hit(s), 0 error(s), 2 left on base; Austin 0 - Springfield 0 |
BOTTOM OF THE 1ST |
Springfield Stars batting - Pitching for Austin River Sharks : RHP Juan González
|
Pitching: RHP Juan González
|
|
Batting: RHB Calvin Bennett
|
0-0: Ball 1-0: Ball 2-0: Ball 3-0: Base on Balls
|
Batting: RHB Norberto Taváres
|
0-0: Ball 1-0: Swinging Strike 1-1: Swinging Strike 1-2: Foul Ball, location: 2F 1-2: Foul Ball, location: 2F 1-2: SINGLE (Groundball, 56D) (infield hit) Calvin Bennett to second
|
Batting: LHB Derek Davidson
|
0-0: Called Strike 0-1: Ball 1-1: Ball 2-1: Ball 3-1: Base on Balls Calvin Bennett to third Norberto Taváres to second
|
Batting: LHB Felipe Guerrero
|
0-0: DOUBLE (Line Drive, 9LS) Calvin Bennett scores Norberto Taváres scores Derek Davidson to third
|
Batting: RHB Juan Rodríguez
|
0-0: Called Strike 0-1: SINGLE (Line Drive, 4MD) Derek Davidson scores Felipe Guerrero to third Runner from 3rd tries for Home, throw and OUT! Juan Rodríguez to second
|
Batting: RHB Juan Carlos Rodríguez
|
0-0: Ball 1-0: Called Strike 1-1: Called Strike 1-2: Foul Ball, location: 2F 1-2: Fly out, F6 (Line Drive, 6M) 1-2: Lined into DP, U6 (Line Drive, 6M)
|
Bottom of the 1st over - 3 run(s), 3 hit(s), 0 error(s), 0 left on base; Austin 0 - Springfield 3 |
TOP OF THE 2ND |
Austin River Sharks batting - Pitching for Springfield Stars : LHP Joaquín Gonzáles
|
Batting: RHB Carlos Pérez
|
0-0: Ball 1-0: Ball 2-0: Called Strike 2-1: Foul Ball, location: 2F 2-2: Ball 3-2: SINGLE (Groundball, 6MD)
|
Batting: LHB Terry Maloney
|
0-0: Ball 1-0: Called Strike 1-1: Foul Ball, location: 2F 1-2: Foul Ball, location: 2F 1-2: Strikes out swinging
|
Batting: SHB John Miller
|
0-0: Ball 1-0: Called Strike 1-1: Ball 2-1: Ball 3-1: Foul Ball, location: 2F 3-2: Strikes out looking
|
Batting: LHB Bruno Lalonde
|
0-0: Fly out, F8 (Flyball, 8LM)
|
Top of the 2nd over - 0 run(s), 1 hit(s), 0 error(s), 1 left on base; Austin 0 - Springfield 3 |
BOTTOM OF THE 2ND |
Springfield Stars batting - Pitching for Austin River Sharks : RHP Juan González
|
Batting: LHB Ryan Drake
|
0-0: DOUBLE (Flyball, 9M)
|
Batting: RHB Will Sterling
|
0-0: Swinging Strike 0-1: Swinging Strike 0-2: Foul Ball, location: 2F 0-2: Strikes out looking
|
Batting: LHB Jesús Tobías
|
0-0: Ball 1-0: Ball 2-0: Ball 3-0: Called Strike 3-1: Swinging Strike 3-2: Fly out, F5 (Popup, 5)
|
Batting: RHB Calvin Bennett
|
0-0: Fly out, F2 (Popup, 3SF)
|
Bottom of the 2nd over - 0 run(s), 1 hit(s), 0 error(s), 1 left on base; Austin 0 - Springfield 3 |
TOP OF THE 3RD |
Austin River Sharks batting - Pitching for Springfield Stars : LHP Joaquín Gonzáles
|
Batting: RHB Tyler Wagner
|
0-0: Foul Ball, location: 2F 0-1: Swinging Strike 0-2: Ball 1-2: Ball 2-2: Ball 3-2: Base on Balls
|
Batting: RHB Orlando Bruno
|
0-0: Called Strike 0-1: Ball 1-1: Ball 2-1: Ball 3-1: Called Strike 3-2: Ground out 5-3 (Groundball, 5) Tyler Wagner to second
|
Batting: RHB Kenneth Roberts
|
0-0: Ground out 4-3 (Groundball, 4) Tyler Wagner to third
|
Batting: SHB Juan Castro
|
0-0: Ball 1-0: Swinging Strike 1-1: Ball 2-1: Foul Ball, location: 2F 2-2: Foul Ball, location: 2F 2-2: Strikes out swinging
|
Top of the 3rd over - 0 run(s), 0 hit(s), 0 error(s), 1 left on base; Austin 0 - Springfield 3 |
BOTTOM OF THE 3RD |
Springfield Stars batting - Pitching for Austin River Sharks : RHP Juan González
|
Batting: RHB Norberto Taváres
|
0-0: SINGLE (Line Drive, 6MD)
|
Batting: LHB Derek Davidson
|
0-0: Called Strike 0-1: 2-RUN HOME RUN (Flyball, 9LD), Distance : 343 ft
|
Batting: LHB Felipe Guerrero
|
0-0: Ball 1-0: Called Strike 1-1: Called Strike 1-2: Ball 2-2: Ball 3-2: Base on Balls
|
Batting: RHB Juan Rodríguez
|
0-0: Called Strike 0-1: Called Strike 0-2: SINGLE (Line Drive, 56D) Felipe Guerrero to second
|
Batting: RHB Juan Carlos Rodríguez
|
0-0: Ball 1-0: Foul Ball, location: 2F 1-1: Fly out, F8 (Flyball, 8LS)
|
Batting: LHB Ryan Drake
|
0-0: Ball 1-0: Foul Ball, location: 2F 1-1: Grounds into double play, 4-6-3 (Groundball, 4M)
|
Bottom of the 3rd over - 2 run(s), 3 hit(s), 0 error(s), 1 left on base; Austin 0 - Springfield 5 |
TOP OF THE 4TH |
Austin River Sharks batting - Pitching for Springfield Stars : LHP Joaquín Gonzáles
|
Batting: LHB Pedro Zaragoza
|
0-0: Ball 1-0: Called Strike 1-1: Ground out 1-3 (Groundball, 25)
|
Batting: RHB Carlos Pérez
|
0-0: Ground out 5-3 (Groundball, 56)
|
Batting: LHB Terry Maloney
|
0-0: Called Strike 0-1: Ball 1-1: Ground out 4-3 (Groundball, 34)
|
Top of the 4th over - 0 run(s), 0 hit(s), 0 error(s), 0 left on base; Austin 0 - Springfield 5 |
BOTTOM OF THE 4TH |
Springfield Stars batting - Pitching for Austin River Sharks : RHP Juan González
|
Batting: RHB Will Sterling
|
0-0: SINGLE (Line Drive, 78M)
|
Batting: LHB Jesús Tobías
|
0-0: Called Strike 0-1: Foul Ball, location: 2F 0-2: Ball 1-2: Fly out, F5 (Line Drive, 5)
|
Batting: RHB Calvin Bennett
|
0-0: Swinging Strike 0-1: Ball 1-1: Ball 2-1: Foul Ball, location: 2F 2-2: Grounds into double play, 1-6-3 (Groundball, 13)
|
Bottom of the 4th over - 0 run(s), 1 hit(s), 0 error(s), 0 left on base; Austin 0 - Springfield 5 |
TOP OF THE 5TH |
Austin River Sharks batting - Pitching for Springfield Stars : LHP Joaquín Gonzáles
|
Batting: SHB John Miller
|
0-0: Fly out, F7 (Line Drive, 78M)
|
Batting: LHB Bruno Lalonde
|
0-0: Ball 1-0: Swinging Strike 1-1: Ball 2-1: Foul Ball, location: 2F 2-2: Strikes out swinging
|
Batting: RHB Tyler Wagner
|
0-0: DOUBLE (Groundball, 5L)
|
Batting: RHB Orlando Bruno
|
0-0: Ball 1-0: Foul Ball, location: 2F 1-1: Ground out 6-3 (Groundball, 6)
|
Top of the 5th over - 0 run(s), 1 hit(s), 0 error(s), 1 left on base; Austin 0 - Springfield 5 |
BOTTOM OF THE 5TH |
Springfield Stars batting - Pitching for Austin River Sharks : RHP Juan González
|
Batting: RHB Norberto Taváres
|
0-0: Ball 1-0: Ball 2-0: Ball 3-0: Base on Balls
|
Batting: LHB Derek Davidson
|
0-0: Foul Ball, location: 2F 0-1: Ground out 3-1 (Groundball, 34) Norberto Taváres to second
|
Batting: LHB Felipe Guerrero
|
0-0: Called Strike 0-1: Ball 1-1: Ball 2-1: Swinging Strike 2-2: Strikes out looking
|
Batting: RHB Juan Rodríguez
|
0-0: Fly out, F8 (Flyball, 8LM)
|
Bottom of the 5th over - 0 run(s), 0 hit(s), 0 error(s), 1 left on base; Austin 0 - Springfield 5 |
TOP OF THE 6TH |
Austin River Sharks batting - Pitching for Springfield Stars : LHP Joaquín Gonzáles
|
Batting: RHB Kenneth Roberts
|
0-0: Ball 1-0: Foul Ball, location: 2F 1-1: Ball 2-1: Ball 3-1: Base on Balls
|
Batting: SHB Juan Castro
|
0-0: Ball 1-0: Called Strike 1-1: Ball 2-1: Called Strike 2-2: Ball 3-2: SINGLE (Line Drive, 6MD) Kenneth Roberts to second
|
Batting: LHB Pedro Zaragoza
|
0-0: Called Strike 0-1: Ball 1-1: Ball 2-1: Foul Ball, location: 2F 2-2: Ball 3-2: Foul Ball, location: 2F 3-2: Strikes out swinging
|
Batting: RHB Carlos Pérez
|
0-0: Fly out, F9 (Line Drive, 9LS)
|
Batting: LHB Terry Maloney
|
0-0: Called Strike 0-1: Foul Ball, location: 2F 0-2: Ground out 5-3 (Groundball, 56S)
|
Top of the 6th over - 0 run(s), 1 hit(s), 0 error(s), 2 left on base; Austin 0 - Springfield 5 |
BOTTOM OF THE 6TH |
Springfield Stars batting - Pitching for Austin River Sharks : RHP Juan González
|
Batting: RHB Juan Carlos Rodríguez
|
0-0: Ball 1-0: Foul Ball, location: 2F 1-1: Fly out, F8 (Line Drive, 8RD)
|
Batting: LHB Ryan Drake
|
0-0: SINGLE (Line Drive, 4M)
|
Batting: RHB Will Sterling
|
0-0: Fly out, F8 (Flyball, 8RS)
|
Batting: LHB Jesús Tobías
|
0-0: Called Strike 0-1: Ball 1-1: Called Strike 1-2: Ball 2-2: Fly out, F7 (Flyball, 7M)
|
Bottom of the 6th over - 0 run(s), 1 hit(s), 0 error(s), 1 left on base; Austin 0 - Springfield 5 |
TOP OF THE 7TH |
Austin River Sharks batting - Pitching for Springfield Stars : LHP Joaquín Gonzáles
|
Pitching: RHP Alberto Vásquez
|
|
Batting: SHB John Miller
|
0-0: Ball 1-0: Called Strike 1-1: Swinging Strike 1-2: Foul Ball, location: 2F 1-2: Foul Ball, location: 2F 1-2: Ball 2-2: Ball 3-2: Foul Ball, location: 2F 3-2: Ground out U3 (Groundball, 3S)
|
Batting: LHB Bruno Lalonde
|
0-0: Ball 1-0: Ball 2-0: Fly out, F9 (Flyball, 89S)
|
Batting: RHB Tyler Wagner
|
0-0: Ball 1-0: Foul Ball, location: 2F 1-1: Foul Ball, location: 2F 1-2: Foul Ball, location: 2F 1-2: Ball 2-2: SINGLE (Line Drive, 34)
|
Batting: RHB Orlando Bruno
|
0-0: Called Strike 0-1: Ball 1-1: Called Strike Tyler Wagner steals 2nd base 1-2: Ball 2-2: Fly out, F3 (Popup, 34S)
|
Top of the 7th over - 0 run(s), 1 hit(s), 0 error(s), 1 left on base; Austin 0 - Springfield 5 |
BOTTOM OF THE 7TH |
Springfield Stars batting - Pitching for Austin River Sharks : RHP Juan González
|
Batting: RHB Calvin Bennett
|
0-0: Called Strike 0-1: TRIPLE (Flyball, 8LXD)
|
Batting: RHB Norberto Taváres
|
0-0: Ball 1-0: Foul Ball, location: 2F 1-1: Ball 2-1: Ball 3-1: Called Strike 3-2: Base on Balls
|
Batting: LHB Derek Davidson
|
0-0: Swinging Strike 0-1: Ball 1-1: Foul Ball, location: 2F 1-2: Fly out, F8 (Flyball, 89D) Runner from 3rd tags up, SCORES, no throw
|
Batting: LHB Felipe Guerrero
|
0-0: Foul Ball, location: 2F 0-1: Ball 1-1: Fly out, F5 (Popup, 5D)
|
Batting: RHB Juan Rodríguez
|
0-0: SINGLE (Groundball, 15) (infield hit) Norberto Taváres to second
|
Batting: RHB Juan Carlos Rodríguez
|
0-0: Called Strike 0-1: Ground out 5-3 (Groundball, 5L)
|
Bottom of the 7th over - 1 run(s), 2 hit(s), 0 error(s), 2 left on base; Austin 0 - Springfield 6 |
TOP OF THE 8TH |
Austin River Sharks batting - Pitching for Springfield Stars : RHP Alberto Vásquez
|
Now at 2B: David García
|
|
Batting: RHB Kenneth Roberts
|
0-0: Ball 1-0: Ball 2-0: Ball 3-0: Called Strike 3-1: Base on Balls
|
Pitching: LHP Jorge Aybar
|
|
Batting: SHB Juan Castro
|
0-0: Called Strike 0-1: Grounds into double play, 6-4-3 (Groundball, 6)
|
Batting: LHB Pedro Zaragoza
|
0-0: Foul Ball, location: 2F 0-1: Ball 1-1: Called Strike 1-2: Ball 2-2: DOUBLE (Line Drive, 89S)
|
Batting: RHB Carlos Pérez
|
0-0: Called Strike 0-1: Ball 1-1: Swinging Strike 1-2: Ball 2-2: Foul Ball, location: 2F 2-2: Ball 3-2: Ground out 5-3 (Groundball, 56)
|
Top of the 8th over - 0 run(s), 1 hit(s), 0 error(s), 1 left on base; Austin 0 - Springfield 6 |
BOTTOM OF THE 8TH |
Springfield Stars batting - Pitching for Austin River Sharks : RHP Juan González
|
Pitching: RHP Lorenzo Vargas
|
|
Batting: LHB Ryan Drake
|
0-0: SINGLE (Line Drive, 9S)
|
Batting: RHB Will Sterling
|
0-0: Ground out 4-3 (Groundball, 4M) Ryan Drake to second
|
Batting: LHB Jesús Tobías
|
0-0: Ball 1-0: Ball 2-0: Ball 3-0: Called Strike 3-1: Foul Ball, location: 2F 3-2: Fly out, F9 (Flyball, 9M)
|
Batting: RHB Calvin Bennett
|
0-0: Ground out 5-3 (Groundball, 5)
|
Bottom of the 8th over - 0 run(s), 1 hit(s), 0 error(s), 1 left on base; Austin 0 - Springfield 6 |
TOP OF THE 9TH |
Austin River Sharks batting - Pitching for Springfield Stars : LHP Jorge Aybar
|
Batting: LHB Terry Maloney
|
0-0: Called Strike 0-1: Called Strike 0-2: Strikes out swinging
|
Batting: SHB John Miller
|
0-0: Foul Ball, location: 2F 0-1: Ground out 4-3 (Groundball, 34)
|
Batting: LHB Bruno Lalonde
|
0-0: Called Strike 0-1: Called Strike 0-2: Foul Ball, location: 2F 0-2: Strikes out swinging
|
Top of the 9th over - 0 run(s), 0 hit(s), 0 error(s), 0 left on base; Austin 0 - Springfield 6 |
|